 Dungeon Crawl Stone Soup version 0.16-a0-1301-gf74d490 (webtiles) character file.

392 Kashira the Caller (level 6, 0/36 HPs)
             Began as a Tengu Summoner on Oct 14, 2014.
             Was a Follower of Sif Muna.
             Slain by an orc warrior
             ... wielding a +0 glaive
              (16 damage)
             ... on level 5 of the Dungeon.
             The game lasted 00:18:47 (3277 turns).

Kashira the Caller (Tengu Summoner)                 Turns: 3277, Time: 00:18:47

Health: 0/36       AC:  3    Str:  8    XL:     6   Next: 80%
Magic:  12/18      EV: 10    Int: 18    God:    Sif Muna [*.....]
Gold:   137        SH:  0    Dex: 11    Spells: 3 memorised, 8 levels left

rFire  . . .     SeeInvis .     d - +0 spear
rCold  . . .     Clarity  .     v - +0 leather armour
rNeg   . . .     SustAb   .     (no shield)
rPois  .         Gourm    .     (helmet restricted)
rElec  .         Spirit   .     (no cloak)
rCorr  .         Warding  .     (no gloves)
rMut   .         Stasis   .     (boots unavailable)
MR     .....                    (no amulet)
Stlth  ++........               h - -3 ring of dexterity
                                r - ring of teleport control

@: about to teleport, not resistant to hostile enchantments, unstealthy
A: able to fly, beak, talons 3
a: Fly, Channel Energy, Renounce Religion, Evoke Teleport Control


You were on level 5 of the Dungeon.
You worshipped Sif Muna.
Sif Muna was aware of your devotion.
You were not hungry.

You visited 1 branch of the dungeon, and saw 6 of its levels.

You collected 137 gold pieces.

Inventory:

Hand weapons
 d - a +0 spear (weapon)
 n - a +3 dagger of draining
Missiles
 m - 25 stones (quivered)
Armour
 v - a +0 leather armour (worn)
Jewellery
 h - a -3 ring of dexterity (right hand)
 o - an uncursed ring of flight
 r - a ring of teleport control (left hand)
Magical devices
 a - a wand of fireball (5)
 x - a wand of fireball (3)
 y - a wand of frost (24)
 z - a wand of slowing (23)
Scrolls
 j - 2 scrolls of teleportation
 q - a scroll of recharging
 u - a scroll of amnesia
Potions
 g - a potion of degeneration
 k - a potion of resistance
 p - a potion of magic {unknown}
 t - 2 potions of curing
 w - a potion of poison
Books
 b - a book of Callings

   Spells                             Type                      Level
   *Summon Small Mammal               Summoning                    1
   *Call Imp                          Summoning                    2
   *Call Canine Familiar              Summoning                    3
   Summon Guardian Golem              Hexes/Summoning              4
   Summon Lightning Spire             Summoning/Air                4
   Summon Ice Beast                   Ice/Summoning                4
Comestibles
 c - 3 bread rations
 f - a royal jelly
 l - a meat ration


   Skills:
 * Level 2.4 Fighting
 + Level 1.4 Polearms
 + Level 0.7 Armour
 + Level 2.5 Dodging
 - Level 2.0 Stealth
 + Level 4.7 Spellcasting
 - Level 6.0 Summonings
 + Level 0.2 Evocations


You had 8 spell levels left.
You knew the following spells:

 Your Spells              Type           Power        Failure   Level  Hunger
a - Summon Small Mammal   Summ           ####         1%          1    None
b - Call Imp              Summ           ####....     1%          2    #......
c - Call Canine Familiar  Summ           ####....     3%          3    ###....


Dungeon Overview and Level Annotations

Branches:
Dungeon (6/15)
 Temple: D:4-7

Altars:
Cheibriados
Ru
Sif Muna
Trog
Vehumet

Annotations:
D:5 Prince Ribbit


Innate Abilities, Weirdness & Mutations

You can fly.
You have a beak for a mouth.
You have claws for feet.


Message History

Drink which item? (? for menu, Esc to quit)
You feel much better.
Prince Ribbit asks, "Just a little smooch?"
Prince Ribbit blinks!
The giant gecko closely misses you. The orc hits you with a mace.
The rat bites you.
Prince Ribbit blinks!
The orc warrior barely misses you. The orc hits you but does no damage.
Read which item? (? for menu, Esc to quit)
As you read the scroll labeled SOIWOZX HIUT, it crumbles to dust.
You feel aware of your surroundings.
It was a scroll of magic mapping.
The giant gecko bites you but does no damage.
The crimson imp blinks!
The orc hits you but does no damage. The rat barely misses you.
The giant gecko closely misses you. The orc barely misses you.
Read which item? (? for menu, Esc to quit)
As you read the scroll labeled GHOCIP NEITIPT, it crumbles to dust.
Forget which spell ([?*] list [ESC] exit)?
Forget which spell ([?*] list [ESC] exit)?
Okay, then.
It was a scroll of amnesia.
The orc warrior hits you with a glaive!
You die...

*#...##.....#,,,.
#....#......#,,..
#....#......#,(..
#....#......#....
#....#......))...
#########...#.l...##....
##......##...#.....##*###
#........o..ยง'......# *
#......5@ra..#......#
#......ool...#.5....#
#..>..####..###....## *
#.##'#####..###....## *
#.....#.............# *
#.....#.............# *
#.....+......%......# *
##....##............# *
##....##............#


You could see an orc warrior, a worker ant, a crimson imp, 2 orcs, a giant gecko
and a rat.

Vanquished Creatures
  Grinder (D:5)
  A crimson imp (D:5)
  An adder (D:3)
  A worm (D:3)
  4 orcs
  A giant cockroach (D:4)
  4 goblins
  A jackal (D:3)
  A ball python (D:2)
  2 giant newts
  A kobold (D:3)
  4 rats
22 creatures vanquished.

Vanquished Creatures (collateral kills)
  A scorpion (D:5)
  A giant frog skeleton (D:4)
  A hound (D:4)
  A worker ant (D:4)
  4 gnolls (D:2)
  3 adders
  A shadow imp (D:5)
  A giant mite (D:5)
  3 worms
  3 giant geckos
  An orc (D:4)
  5 bats
  10 hobgoblins
  9 jackals
  10 kobolds
  3 giant cockroaches
  5 giant newts
  6 goblins
  A goblin skeleton (D:4)
  6 rats
75 creatures vanquished.

Vanquished Creatures (others)
  3 crimson imps
  5 hounds
  A shadow imp (D:2)
  3 white imps
  An orc (D:6)
  2 bats (D:1)
  A rat (D:1)
16 creatures vanquished.

Grand Total: 113 creatures vanquished

Notes
Turn   | Place    | Note
--------------------------------------------------------------
     0 | D:1      | Kashira, the Tengu Summoner, began the quest for the Orb.
     0 | D:1      | Reached XP level 1. HP: 10/10 MP: 3/3
    20 | D:1      | Reached skill level 5 in Summonings
   353 | D:1      | Reached XP level 2. HP: 15/15 MP: 0/5
   360 | D:1      | Learned a level 2 spell: Call Imp
   703 | D:2      | Found a bloodstained altar of Trog.
   718 | D:2      | Found a deep blue altar of Sif Muna.
   725 | D:2      | Found a sacrificial altar of Ru.
   742 | D:2      | Became a worshipper of Sif Muna the Loreminder
  1043 | D:2      | Reached XP level 3. HP: 3/19 MP: 1/7
  1399 | D:2      | Learned a level 3 spell: Call Canine Familiar
  1621 | D:3      | Reached XP level 4. HP: 21/24 MP: 0/10
  2351 | D:4      | Found a snail-covered altar of Cheibriados.
  2460 | D:4      | Upgraded the game from 0.16-a0-1276-g18860b1 to 0.16-a0-1301-gf74d490
  2537 | D:4      | Reached XP level 5. HP: 28/28 MP: 3/13
  2628 | D:4      | Reached skill level 1 in Fighting
  2657 | D:4      | Reached skill level 6 in Summonings
  2831 | D:4      | Reached skill level 1 in Polearms
  3045 | D:5      | Entered Level 5 of the Dungeon
  3083 | D:5      | Noticed Grinder
  3094 | D:5      | Killed Grinder
  3094 | D:5      | Acquired Sif Muna's first power
  3094 | D:5      | Reached XP level 6. HP: 33/35 MP: 1/17
  3164 | D:5      | Found a radiant altar of Vehumet.
  3199 | D:5      | Noticed Prince Ribbit
  3274 | D:5      | HP: 1/36 [orc warrior/glaive (19)]
  3277 | D:5      | Slain by an orc warrior

Action                   |  1- 3 |  4- 6 || total
-------------------------+-------+-------++-------
Melee: Club              |    19 |       ||    19
       Spear             |    10 |    85 ||    95
 Cast: Summon Small Mamm |    20 |       ||    20
       Call Imp          |    31 |    39 ||    70
       Call Canine Famil |     2 |    14 ||    16
Evoke: Wand              |       |     1 ||     1
  Use: Scroll            |     2 |    14 ||    16
       Potion            |       |     4 ||     4
 Stab: Sleeping          |     2 |     2 ||     4
  Eat: Chunk             |     4 |     4 ||     8
       Beef jerky        |       |     2 ||     2
       Meat ration       |       |     1 ||     1
